 Dungeon Crawl Stone Soup version 0.24.0-28-g17ded55e90 (webtiles) character file.

Game seed: 113831083328320954, levelgen mode: deterministic

985 grindst0ne the Covert (level 8, -2/50 HPs)
             Began as an Octopode Assassin on Nov 11, 2019.
             Was a Believer of Cheibriados.
             Slain by an ice beast (13 damage)
             ... on level 6 of the Dungeon.
             The game lasted 00:11:51 (3974 turns).

grindst0ne the Covert (Octopode Assassin)           Turns: 3974, Time: 00:11:51

Health: -2/50      AC:  3    Str: 19    XL:     8   Next: 18%
Magic:  8/8        EV: 13    Int: 21    God:    Cheibriados [**....]
Gold:   254        SH:  0    Dex: 20    Spells: 2/7 levels left

rFire    . . .     SeeInvis +   a - +2 dagger
rCold    . . .     Gourm    .   (no shield)
rNeg     . . .     Faith    .   (helmet restricted)
rPois    .         Spirit   .   s - amulet of regeneration
rElec    .         Reflect  .   q - +2 ring of intelligence
rCorr    .         Harm     .   (no ring)
MR       .....                  (no ring)
Stlth    +++++++...             (no ring)
HPRegen  0.56/turn              (no ring)
MPRegen  0.11/turn              (no ring)
                                (no ring)
                                (no ring)

@: mighty, very slow
A: almost no armour, stealthy swim, amphibious, 8 rings, constrict 8, yellow
scales 1, camouflage 1, see invisible, clever 1, gelatinous body 1
a: Bend Time, Renounce Religion


You were on level 6 of the Dungeon.
You worshipped Cheibriados.
Cheibriados was pleased with you.
You were not hungry.

You visited 1 branch of the dungeon, and saw 6 of its levels.

You collected 254 gold pieces.

Inventory:

Hand Weapons
 a - a +2 dagger (weapon)
Missiles
 b - 26 poisoned darts (quivered)
 c - 2 curare-tipped darts
 r - 7 javelins
Jewellery
 h - an uncursed ring of wizardry {unknown}
 q - a +2 ring of intelligence (left tentacle)
 s - an amulet of regeneration (around mantle)
 w - an uncursed ring of positive energy {unknown}
Wands
 y - a wand of disintegration (2)
Scrolls
 e - a scroll of fear {unknown}
 f - a scroll of blinking {unknown}
 g - a scroll of enchant armour {unknown}
 i - a scroll of enchant weapon {unknown}
 l - 2 scrolls of remove curse {unknown}
 n - a scroll of random uselessness {unknown}
 t - 4 scrolls of identify {unknown}
 x - a scroll of immolation {unknown}
Potions
 k - a potion of brilliance {unknown}
 m - a potion of mutation
 o - a potion of curing {unknown}
 p - a potion of heal wounds {unknown}
 u - a potion of berserk rage {unknown}
 v - a potion of haste {unknown}
Comestibles
 d - 13 rations


   Skills:
 - Level 2.0 Fighting
 - Level 2.0 Short Blades
 - Level 2.0 Throwing
 - Level 1.0 Dodging
 + Level 13.5 Stealth


You had 2 spell levels left.
You knew the following spells:

 Your Spells              Type           Power        Failure   Level  Hunger
a - Confuse               Hex            #.......     47%         3    ####...
b - Ensorcelled Hibernat  Hex/Ice        #.....       26%         2    ###....

Your spell library contained the following spells:

 Spells                   Type           Power        Failure   Level  Hunger
 Corona                   Hex            #......      19%         1    ##.....
 Dazzling Spray           Conj/Hex       #.....       47%         3    ####...
 Tukima's Dance           Hex            #.......     47%         3    ####...


Dungeon Overview and Level Annotations

Branches:
Dungeon (6/15)             Temple (0/1) D:5

Altars:
Ashenzari
Cheibriados
Dithmenos
Elyvilon
Fedhas
Okawaru
Qazlal
Trog
Uskayaw
Zin

Annotations:
D:3 exclusion: oklob plant


Innate Abilities, Weirdness & Mutations

You cannot wear most types of armour.
You are very stealthy in the water. (Stealth+)
You are amphibious.
You can wear up to eight rings at the same time.
You can use your tentacles to constrict eight enemies at once.
Your skin changes colour to match your surroundings (Stealth+).
Your rubbery body absorbs attacks. (AC +1, EV +1)
You are partially covered in yellow scales. (AC +2)
You have supernaturally acute eyesight. (SInv)
Your mind is acute. (Int +2)


Message History

The ice beast barely misses you.
You barely miss the ice beast.
You squeeze the ice beast, but do no damage.
The ice beast hits you. The ice beast freezes you!
You hit the ice beast but do no damage. The ice beast closely misses you.
You barely miss the ice beast. You squeeze the ice beast.
The ice beast is lightly wounded.
The ice beast hits you. The ice beast freezes you!
You hit the ice beast. You squeeze the ice beast.
The ice beast is moderately wounded.
The ice beast hits you but does no damage.
You hit the ice beast. You squeeze the ice beast.
The ice beast is severely wounded.
The ice beast hits you. The ice beast freezes you.
* * * LOW HITPOINT WARNING * * *
You feel very mighty all of a sudden. The ice beast hits you.
* * * LOW HITPOINT WARNING * * *
The ice beast freezes you!
You die...

# ##. ... #...
#### ....
##...####..#.....
#....).#.<...#
..(..........#
..##..@....##
#.Y.........
..............
....#....#.......
.#. #...###......
# ..... #.....
...... ...#
....... ..


You could see an ice beast.

Vanquished Creatures
  Prince Ribbit (D:5)
  An ogre (D:5)
  A phantom (D:5)
  A water moccasin skeleton (D:5)
  A crimson imp (D:5)
  An orc wizard (D:5)
  Crazy Yiuf (D:3)
  An orc priest (D:5)
  2 centaur skeletons
  Jessica (D:3)
  2 iguanas
  4 worker ants
  A hound skeleton (D:5)
  5 gnolls
  8 adders
  An adder skeleton (D:4)
  3 worms
  A dart slug (D:1)
  3 leopard geckos
  5 orcs
  5 giant cockroaches
  6 goblins
  9 hobgoblins
  7 jackals (D:4)
  11 kobolds
  5 quokkas
  A ball python (D:1)
  6 bats
  9 frilled lizards
  A jackal skeleton (D:4)
  A quokka zombie (D:4)
  7 rats
112 creatures vanquished.

Notes
Turn   | Place    | Note
-------+----------+-------------------------------------------
     0 | D:1      | grindst0ne the Octopode Assassin began the quest for the
                  | Orb.
     0 | D:1      | Reached XP level 1. HP: 14/14 MP: 1/1
    70 | D:1      | Reached skill level 6 in Stealth
    70 | D:1      | Reached XP level 2. HP: 18/19 MP: 2/2
   465 | D:2      | Found a bloodstained altar of Trog.
   544 | D:2      | Reached XP level 3. HP: 24/24 MP: 3/3
   577 | D:2      | Found a shattered altar of Ashenzari.
   805 | D:2      | Reached skill level 7 in Stealth
  1049 | D:2      | Reached XP level 4. HP: 29/29 MP: 4/4
  1108 | D:3      | Noticed Jessica
  1122 | D:3      | Killed Jessica
  1122 | D:3      | Reached skill level 8 in Stealth
  1308 | D:3      | Reached XP level 5. HP: 30/34 MP: 5/5
  1405 | D:3      | Found an iron altar of Okawaru.
  1409 | D:3      | Found a hide-covered altar of Uskayaw.
  1682 | D:3      | Found a blossoming altar of Fedhas.
  1693 | D:3      | Noticed an oklob plant
  1802 | D:3      | Found a runed translucent door.
  1803 | D:3      | Noticed Crazy Yiuf
  1815 | D:3      | Killed Crazy Yiuf
  1815 | D:3      | Reached skill level 9 in Stealth
  2065 | D:4      | Found a white marble altar of Elyvilon.
  2204 | D:4      | Found a snail-covered altar of Cheibriados.
  2212 | D:4      | Became a worshipper of Cheibriados the Contemplative
  2270 | D:4      | Reached XP level 6. HP: 33/39 MP: 6/6
  2277 | D:4      | Reached skill level 10 in Stealth
  2473 | D:4      | Found a shadowy altar of Dithmenos.
  2656 | D:4      | Found a glowing silver altar of Zin.
  2668 | D:4      | Reached * piety under Cheibriados
  2851 | D:5      | Entered Level 5 of the Dungeon
  2916 | D:5      | Found a staircase to the Ecumenical Temple.
  2962 | D:5      | Found a stormy altar of Qazlal.
  3004 | D:5      | Reached skill level 11 in Stealth
  3032 | D:5      | Reached XP level 7. HP: 45/45 MP: 7/7
  3276 | D:5      | Gained mutation: You are partially covered in yellow
                  | scales. (AC +2) [potion of mutation]
  3276 | D:5      | Gained mutation: Your mind is acute. (Int +2) [potion of
                  | mutation]
  3276 | D:5      | Gained mutation: You have supernaturally acute eyesight.
                  | (SInv) [potion of mutation]
  3276 | D:5      | HP: 2/45 [gnoll/+0 spear (3)]
  3350 | D:5      | Noticed Prince Ribbit
  3445 | D:5      | Reached skill level 12 in Stealth
  3545 | D:5      | Reached ** piety under Cheibriados
  3748 | D:5      | Learned a level 3 spell: Confuse
  3751 | D:5      | Learned a level 2 spell: Ensorcelled Hibernation
  3834 | D:5      | Killed Prince Ribbit
  3834 | D:5      | Reached skill level 13 in Stealth
  3834 | D:5      | Reached XP level 8. HP: 19/50 MP: 8/8
  3974 | D:6      | Slain by an ice beast

Levels and vault maps discovered:
D:1:      scummos_arrival_simple_crosswalls, layout_rooms, minmay_liquid_box
D:2:      minmay_inner_zag, layout_rooms, ashenzari_conservatory_becter,
          lemuel_crystal_altar, minmay_crystal_room
D:3:      layout_rooms, tgw_fedhas, minitemple, uniq_jessica,
          uniq_crazy_yiuf_cottage
D:4:      layout_loops_cross, lemuel_coloured_pillars_altar,
          nicolae_overflow_crystal_walls, zin_academy, cheibriados_altar_1
D:5:      layout_gridville, minmay_temple_entry_overgrown, first_ration,
          basic_altar, uniq_prince_ribbit1
D:6:      layout_cave_pools, gammafunk_ghost_necromancy

Skill      XL: |  1  2  3  4  5  6  7 |
---------------+----------------------+-----
Stealth        | 6 7 8 9 11 13 | 13.5
Fighting       | |  2.0
Short Blades   | |  2.0
Throwing       | |  2.0
Dodging        | |  1.0

Action                   |  1- 3 |  4- 6 |  7- 9 || total
-------------------------+-------+-------+-------++-------
Melee: Dagger            |    62 |   159 |    60 ||   281
       Constrict         |    16 |    37 |     5 ||    58
       Tentacles         |     6 |    30 |    20 ||    56
Evoke: Wand              |       |       |     5 ||     5
  Use: Scroll            |       |     2 |     1 ||     3
       Potion            |       |     1 |     4 ||     5
 Stab: Sleeping          |    17 |    10 |     5 ||    32
  Eat: Chunk             |       |     6 |     2 ||     8
Armor: Skin              |     6 |     5 |     8 ||    19
Dodge: Dodged            |    44 |    99 |    44 ||   187
